 Dungeon Crawl Stone Soup version 0.19.5 (webtiles) character file.

104997 RaHiT the Eclecticist (level 15, 0/103 HPs)
             Began as a Mummy Conjurer on May 13, 2017.
             Was a High Priest of Vehumet.
             Killed by divine providence
             ... invoked by a meliai
              (12 damage)
             ... on level 13 of the Dungeon on May 14, 2017.
             The game lasted 04:10:13 (36186 turns).

RaHiT the Eclecticist (Mummy Conjurer)             Turns: 36186, Time: 04:10:14

Health: 0/103      AC:  7    Str: 15    XL:     15   Next: 93%
Magic:  9/54       EV: 14    Int: 26    God:    Vehumet [*****.]
Gold:   1202       SH:  8    Dex: 13    Spells: 12 memorised, 3 levels left

rFire  x . .     SeeInvis .     d - +10 spear of Laogil {freeze, rElec}
rCold  + + +     Gourm    .     l - +0 robe of Ibaytso {rC+ MP+9}
rNeg   + + +     Faith    .     W - +3 buckler {reflect}
rPois  ∞         Spirit   .     (no helmet)
rElec  +         Reflect  +     R - +0 cloak
rCorr  .         Harm     .     r - +0 pair of gloves of Salil {rC+ Str+4}
MR     +....                    s - +2 pair of boots
Stlth  ++........               c - amulet of regeneration
                                U - ring of magical power
                                h - +5 ring of intelligence

@: about to teleport
A: no food or potions, fire vulnerability, cold resistance 1, negative energy
resistance 3, torment resistance, unbreathing, in touch with death 1
a: Renounce Religion


You were on level 13 of the Dungeon.
You worshipped Vehumet.
Vehumet was extremely pleased with you.
You were not hungry.

You visited 4 branches of the dungeon, and saw 24 of its levels.
You also visited: Ossuary.

You collected 2498 gold pieces.
You spent 1296 gold pieces at shops.

Inventory:

Hand Weapons
 b - a +3 trident
 d - the +10 spear of Laogil (weapon) {freeze, rElec}
   (You found it on level 12 of the Dungeon)

   It has been specially enchanted to freeze those struck by it, causing extra
   injury to most foes and up to half again as much damage against particularly
   susceptible opponents.
   It can also slow down cold-blooded creatures.
   It insulates you from electricity.
 D - a +3 whip
 F - a +4 short sword
 I - a +4 morningstar
 L - a +3 dagger
 N - a +5 hand axe
 S - a cursed -3 dagger
Armour
 l - the +0 robe of Ibaytso (worn) {rC+ MP+9}
   (You found it on level 4 of the Dungeon)

   It protects you from cold.
   It affects your magic capacity (+9).
 n - a +2 robe of fire resistance
 r - the +0 pair of gloves of Salil (worn) {rC+ Str+4}
   (You found it on level 4 of the Dungeon)

   It affects your strength (+4).
   It protects you from cold.
 s - a +2 pair of boots (worn)
 E - the +2 robe "Xuig" {rF+++ MR- Str+2 SInv}
   (You found it on level 14 of the Dungeon)

   It affects your strength (+2).
   It renders you almost immune to fire.
   It affects your resistance to hostile enchantments.
   It lets you see invisible.
 P - a +2 pair of gloves
 R - a +0 cloak (worn)
 T - a +0 robe of magic resistance
 W - a +3 buckler of reflection (worn)
Magical Staves
 G - an uncursed staff of summoning
Rods
 V - a +0 iron rod (2/14)
   (You bought it in a shop on level 2 of the Orcish Mines)
Jewellery
 c - an amulet of regeneration (around neck)
 h - a +5 ring of intelligence (left hand)
 x - an uncursed ring of fire
 A - an uncursed ring of flight
 O - an uncursed ring of protection from fire
 U - a ring of magical power (right hand)
Wands
 f - a wand of iceblast (7/15)
 g - a wand of digging (14/24)
 j - a wand of acid (8/15)
 q - a wand of digging (2/24)
 w - a wand of enslavement (6/24)
 H - a wand of disintegration (8/24)
Scrolls
 e - 3 scrolls of amnesia
 i - a scroll of torment
 k - 3 scrolls of blinking
 m - 11 scrolls of remove curse
 o - 4 scrolls of noise
 p - 4 scrolls of teleportation
 t - a scroll of enchant armour
 u - 4 scrolls of identify
 v - a scroll of fog
 y - a scroll of summoning
 z - 2 scrolls of magic mapping
 B - 2 scrolls of fear
 M - 4 scrolls of immolation
Miscellaneous
 a - a phial of floods
 C - a fan of gales
 Q - a box of beasts
 X - a phantom mirror


   Skills:
 - Level 5.0 Fighting
 - Level 4.0 Dodging
 - Level 1.5 Stealth
 - Level 4.0 Shields
 * Level 17.6 Spellcasting
 - Level 15.1 Conjurations
 - Level 5.1 Evocations


You had 3 spell levels left.
You knew the following spells:

 Your Spells              Type           Power        Failure   Level  Hunger
a - Magic Dart            Conj           ####         0%          1    N/A
b - Iskenderun's Mystic   Conj           #######.     1%          4    N/A
c - Iskenderun's Battles  Conj/Chrm      ######..     1%          5    N/A
d - Conjure Flame         Conj/Fire      ######..     1%          3    N/A
e - Orb of Destruction    Conj           #######...   1%          7    N/A
f - Mephitic Cloud        Conj/Pois/Air  #####...     1%          3    N/A
g - Repel Missiles        Chrm/Air       ###...       3%          2    N/A
h - Spellforged Servitor  Conj/Summ      ######....   41%         7    N/A
i - Passage of Golubria   Tloc           N/A          24%         4    N/A
j - Iron Shot             Conj/Erth      ######....   4%          6    N/A
k - Blink                 Tloc           N/A          3%          2    N/A
q - Searing Ray           Conj           ######       0%          2    N/A

Dungeon Overview and Level Annotations

Branches:
Dungeon (15/15)            Temple (1/1) D:4            Lair (6/6) D:11
 Shoals (0/4) Lair:2        Snake (0/4) Lair:4        Slime (0/5) Lair:6
    Orc (2/2) D:10            Elf (0/3) Orc:2        Vaults (0/5) D:14
 Depths (0/5) D:15

Altars:
Ashenzari
Cheibriados
Dithmenos
Elyvilon
Fedhas
Gozag
Hepliaklqana
Kikubaaqudgha
Makhleb
Nemelex Xobeh
Okawaru
Qazlal
Ru
Sif Muna
Trog
Uskayaw
Vehumet
Xom
Yredelemnul
Zin
The Shining One
Jiyva

Shops:
D:10 [   D:11 !   D:14 ?   Orc:1 }   Orc:2 ([}?(

Annotations:
Lair:6 2 runed doors


Innate Abilities, Weirdness & Mutations

You do not eat or drink.
Your flesh is vulnerable to fire.
You are immune to poison.
Your flesh is cold resistant. (rC+)
You are immune to negative energy. (rN+++)
You are immune to unholy pain and torment.
You can survive without breathing.
You are in touch with the powers of death.


Message History

The vault guard is almost dead.
The meliai invokes the aid of its god against you.
Something smites you!
The meliai hits the meliai with a hand axe!
The meliai closely misses the meliai.
The vault guard is engulfed in roaring flames.
The vault guard hits you with a war axe!
As you read the scroll of teleportation, it crumbles to dust.
You feel strangely unstable.
The meliai mumbles some strange prayers to its god against you.
Something smites you!
* * * LOW HITPOINT WARNING * * *
The meliai misses the meliai.
The meliai barely misses the meliai.
The vault guard misses you.
The meliai calls down the wrath of its god upon you.
Something smites you!
* * * LOW HITPOINT WARNING * * *
The meliai mumbles some strange prayers to its god against you.
Something smites you!
You die...

##'############...........#
#...# ##'########## ###.##
#.# #..# #y# ##)# #y#
####'### #y# #......# #p#
#......# #§# #......# #@#
#......# #.# ##:.....# #.#
.#......# #.## .'...)..#
#..# ##......# ##.#
#......# #.# #......# #.#
####'### #.#


You could see a vault guard and 3 meliai.

Vanquished Creatures
  An orc warlord (Orc:2)
  A frost giant (D:15)
  A ghoul (D:13)
  Snorg (Lair:5)
  An ogre mage (Orc:2)
  A rakshasa (D:15)
  8 hydras
  5 vault guards
  3 centaur warriors
  7 death yaks
  A death yak (shapeshifter) (D:15)
  3 orc high priests (Orc:2)
  Urug (D:13)
  Nergalle (D:12)
  5 skeletal warriors (D:15)
  An unseen horror (D:12)
  4 orc knights (Orc:2)
  A lindwurm (Lair:6)
  A deep elf mage (D:14)
  6 hill giants
  A mana viper (Lair:4)
  2 oklob plants
  17 ugly things
  7 elephants
  6 orc sorcerers
  3 manticores
  5 centaur zombies
  3 molten gargoyles (Lair:6)
  10 black mambas
  Joseph (Lair:1)
  2 torpor snails (Lair:6)
  8 spiny frogs
  2 gargoyles
  2 kobold demonologists (D:15)
  3 rime drakes
  A yaktaur (D:15)
  14 komodo dragons
  2 polar bears
  11 trolls
  A two-headed ogre (D:13)
  18 blink frogs
  7 slime creatures
  Grinder (D:6)
  10 hippogriffs
  A hornet (D:11)
  A blink frog (shapeshifter) (D:14)
  3 shadows
  10 wyverns
  54 yaks
  4 wraiths
  A basilisk (Lair:6)
  A steam dragon (Lair:6)
  A mottled dragon (D:13)
  7 vampire mosquitoes (D:15)
  4 wargs
  3 nagas (Lair:4)
  11 water moccasins
  11 porcupines
  6 hell hounds (Lair:6)
  4 black bears
  3 ice beasts
  27 orc warriors
  5 sky beasts
  2 eyes of draining
  2 necrophages
  14 ogres
  4 phantoms
  12 wolves
  14 centaurs
  22 crocodiles
  Blork the orc (D:6)
  5 big kobolds
  22 bullfrogs
  A gnoll sergeant (D:8)
  2 wyvern zombies
  2 wyvern skeletons
  4 scorpions
  37 killer bees
  26 wights
  6 howler monkeys
  9 electric eels
  5 lava snakes (Lair:6)
  10 crimson imps
  3 bullfrog zombies
  4 jellies
  A quasit (D:6)
  5 hounds
  A bullfrog skeleton (D:4)
  A gnoll shaman (Orc:1)
  17 orc priests
  27 orc wizards
  4 centaur skeletons
  5 hell rats (Lair:6)
  3 human zombies (Ossuary)
  3 iguanas
  8 worker ants
  A big kobold zombie (Ossuary)
  A hound skeleton (D:5)
  5 mummies
  A worker ant zombie (D:7)
  15 adders
  8 gnolls
  4 shadow imps
  3 adder zombies
  2 adder skeletons
  3 worms (D:3)
  4 dart slugs
  4 leopard geckos
  91 orcs
  2 ball pythons
  6 giant cockroaches
  2 gnoll zombies (Ossuary)
  6 hobgoblins (D:1)
  6 jackals
  A quokka (D:5)
  8 bats
  5 frilled lizards
  9 goblins
  2 hobgoblin zombies (Ossuary)
  14 kobolds
  2 orc zombies (Ossuary)
  2 quokka skeletons
  5 rats
  2 rat zombies (Ossuary)
  A fire vortex (Lair:4)
  A fungus (Lair:6)
  2 plants
847 creatures vanquished.

Vanquished Creatures (collateral kills)
  An ugly thing (D:15)
  A shadow (D:15)
2 creatures vanquished.

Vanquished Creatures (others)
  5 dream sheep (D:3)
  A centaur (D:14)
  A fungus (Lair:6)
  3 plants
10 creatures vanquished.

Grand Total: 859 creatures vanquished

Notes
Turn   | Place    | Note
-------+----------+-------------------------------------------
     0 | D:1      | RaHiT the Mummy Conjurer began the quest for the Orb.
     0 | D:1      | Reached XP level 1. HP: 13/13 MP: 3/3
   264 | D:1      | Reached XP level 2. HP: 16/19 MP: 0/5
   281 | D:1      | Learned a level 2 spell: Searing Ray
   551 | D:1      | Reached skill level 3 in Spellcasting
   765 | D:1      | Reached XP level 3. HP: 24/24 MP: 2/7
  1463 | D:2      | Reached skill level 4 in Spellcasting
  1479 | D:2      | Reached XP level 4. HP: 30/30 MP: 2/10
  2472 | D:3      | Found a shimmering altar of Xom.
  2472 | D:3      | Noticed a dream sheep
  2472 | D:3      | Noticed a dream sheep
  2472 | D:3      | Noticed a dream sheep
  2472 | D:3      | Noticed a dream sheep
  2472 | D:3      | Noticed a dream sheep
  2477 | D:3      | Killed a dream sheep
  2477 | D:3      | Killed a dream sheep
  2477 | D:3      | Killed a dream sheep
  2477 | D:3      | Killed a dream sheep
  2477 | D:3      | Killed a dream sheep
  2770 | D:4      | Found a staircase to the Ecumenical Temple.
  2792 | Temple   | Entered the Ecumenical Temple
  2800 | Temple   | Learned a level 4 spell: Iskenderun's Mystic Blast
  3001 | D:4      | Found a radiant altar of Vehumet.
  3032 | D:4      | Reached skill level 5 in Spellcasting
  3032 | D:4      | Reached XP level 5. HP: 25/35 MP: 3/12
  3221 | D:4      | Reached XP level 6. HP: 35/41 MP: 2/14
  3540 | D:4      | Became a worshipper of Vehumet
  3638 | D:4      | Found a glowing silver altar of Zin.
  3641 | D:4      | Reached skill level 6 in Spellcasting
  3845 | D:4      | Got a pair of jewelled gloves
  3851 | D:4      | Identified the +0 pair of gloves of Salil {rC+ Str+4} (You found it on level 4 of the Dungeon)
  3998 | D:4      | Got a fabulously ornate robe
  4009 | D:4      | Identified the cursed +0 robe of Ibaytso {rC+ MP+9} (You found it on level 4 of the Dungeon)
  4145 | D:5      | Entered Level 5 of the Dungeon
  4537 | D:5      | Reached XP level 7. HP: 46/46 MP: 16/16
  5000 | D:5      | Found an iron altar of Okawaru.
  5377 | D:6      | Reached skill level 5 in Conjurations
  5404 | D:6      | Noticed Blork the orc
  5417 | D:6      | Killed Blork the orc
  5441 | D:6      | Found a sand-covered staircase.
  5448 | Ossuary  | Entered an ossuary
  5590 | Ossuary  | Reached * piety under Vehumet
  5590 | Ossuary  | Offered knowledge of Sting by Vehumet.
  6052 | D:6      | Reached skill level 1 in Evocations
  6101 | D:6      | Reached XP level 8. HP: 50/52 MP: 17/17
  6152 | D:6      | Learned a level 5 spell: Iskenderun's Battlesphere
  6669 | D:6      | Reached ** piety under Vehumet
  6669 | D:6      | Offered knowledge of Freeze by Vehumet.
  6825 | D:6      | Noticed Grinder
  6831 | D:6      | Killed Grinder
  6973 | D:6      | Reached skill level 5 in Evocations
  7350 | D:6      | Reached skill level 1 in Fighting
  7845 | D:6      | Reached skill level 7 in Spellcasting
  7888 | D:6      | Reached XP level 9. HP: 51/62 MP: 19/19
  8004 | D:7      | Offered knowledge of Inner Flame by Vehumet.
  8285 | D:7      | Reached *** piety under Vehumet
  8300 | D:7      | Found a blossoming altar of Fedhas.
  8370 | D:7      | Found an ancient bone altar of Kikubaaqudgha.
  8522 | D:8      | Reached skill level 8 in Spellcasting
  8907 | D:8      | Offered knowledge of Mephitic Cloud by Vehumet.
  8912 | D:8      | Learned a level 3 spell: Mephitic Cloud
  9196 | D:8      | Noticed a troll
  9199 | D:8      | Killed a troll
  9199 | D:8      | Reached skill level 9 in Spellcasting
  9345 | D:8      | Reached skill level 5 in Fighting
  9402 | D:8      | Reached XP level 10. HP: 26/74 MP: 15/23
  9503 | D:8      | Reached **** piety under Vehumet
 10031 | D:9      | Offered knowledge of Throw Icicle by Vehumet.
 10036 | D:9      | Reached skill level 10 in Spellcasting
 11476 | D:9      | Identified a scroll of acquirement
 11764 | D:10     | Entered Level 10 of the Dungeon
 12104 | D:10     | Reached ***** piety under Vehumet
 12207 | D:10     | Offered knowledge of Yara's Violent Unravelling by Vehumet.
 12354 | D:10     | Reached XP level 11. HP: 77/79 MP: 25/25
 12435 | D:10     | Found Doisuug's Armour Boutique.
 12623 | D:10     | Found a staircase to the Orcish Mines.
 13503 | D:11     | Found Vimno's Distillery.
 13771 | D:11     | Found a staircase to the Lair.
 13771 | D:11     | Noticed a hill giant
 14017 | D:11     | Killed a hill giant
 14472 | D:11     | Reached skill level 10 in Conjurations
 14709 | D:11     | Noticed an eight-headed hydra
 14771 | D:11     | Killed an eight-headed hydra
 14983 | Lair:1   | Entered Level 1 of the Lair of Beasts
 15052 | Lair:1   | Noticed Joseph
 15059 | Lair:1   | Killed Joseph
 15822 | Lair:1   | Learned a level 2 spell: Blink
 15826 | Lair:1   | Learned a level 3 spell: Conjure Flame
 15829 | Lair:1   | Learned a level 2 spell: Repel Missiles
 15835 | Lair:1   | Noticed a four-headed hydra
 15840 | Lair:1   | Killed a four-headed hydra
 16167 | Lair:2   | Reached XP level 12. HP: 86/86 MP: 22/26
 16171 | Lair:2   | Noticed a six-headed hydra
 16271 | Lair:2   | Offered knowledge of Bolt of Magma by Vehumet.
 16360 | Lair:2   | Killed a six-headed hydra
 16605 | Lair:2   | Reached skill level 11 in Spellcasting
 17659 | Lair:2   | Found a staircase to the Shoals.
 17977 | Lair:3   | Reached skill level 12 in Spellcasting
 18020 | Lair:3   | Reached skill level 1 in Shields
 18262 | Lair:3   | Noticed a seven-headed hydra
 18266 | Lair:3   | Killed a seven-headed hydra
 19414 | Lair:4   | Gained mutation: You are in touch with the powers of death. [Mummy growth]
 19414 | Lair:4   | Reached XP level 13. HP: 91/91 MP: 17/29
 19664 | Lair:4   | Found a staircase to the Snake Pit.
 20227 | Lair:4   | Reached skill level 13 in Spellcasting
 20359 | Lair:4   | Offered knowledge of Spellforged Servitor by Vehumet.
 20368 | Lair:4   | Learned a level 7 spell: Spellforged Servitor
 21272 | Lair:5   | Noticed Snorg
 21380 | Lair:5   | Killed Snorg
 21421 | Lair:5   | Reached skill level 14 in Spellcasting
 21905 | Lair:6   | Entered Level 6 of the Lair of Beasts
 22080 | Lair:6   | Found a viscous altar of Jiyva.
 22109 | Lair:6   | Found a staircase to the Slime Pits.
 22708 | Lair:6   | Offered knowledge of Lee's Rapid Deconstruction by Vehumet.
 23348 | Lair:6   | Reached XP level 14. HP: 98/98 MP: 11/32
 23580 | Lair:6   | Found a large runed door.
 25209 | Lair:6   | Found a large runed door.
 25744 | D:12     | Noticed Nergalle
 25748 | D:12     | Killed Nergalle
 26464 | D:12     | Got a brightly glowing spear
 26465 | D:12     | Identified the +10 spear of Laogil {freeze, rElec} (You found it on level 12 of the Dungeon)
 26734 | D:12     | Reached skill level 15 in Spellcasting
 27060 | D:13     | Noticed Urug
 27068 | D:13     | Killed Urug
 27322 | D:13     | Noticed a ghoul
 27329 | D:13     | Killed a ghoul
 27854 | D:13     | Reached ****** piety under Vehumet
 28195 | D:13     | Learned a level 4 spell: Passage of Golubria
 28502 | Orc:1    | Entered Level 1 of the Orcish Mines
 28550 | Orc:1    | Offered knowledge of Iron Shot by Vehumet.
 28571 | Orc:1    | Learned a level 6 spell: Iron Shot
 28990 | Orc:2    | Entered Level 2 of the Orcish Mines
 29123 | Orc:2    | Found a staircase to the Elven Halls.
 29132 | Orc:2    | Found Qich's Weapon Boutique.
 29330 | Orc:2    | Noticed an orc warlord
 29349 | Orc:2    | Killed an orc warlord
 29349 | Orc:2    | Reached skill level 15 in Conjurations
 30119 | Orc:2    | Reached XP level 15. HP: 103/103 MP: 32/34
 30394 | Orc:2    | Offered knowledge of Poison Arrow by Vehumet.
 31097 | Orc:2    | Found Bioz's Weapon Boutique.
 31097 | Orc:2    | Found Jur Onolo's Magic Scroll Boutique.
 31098 | Orc:2    | Found Miett's Gadget Emporium.
 31105 | Orc:2    | Found Ybita's Antique Armour Emporium.
 31135 | Orc:2    | Bought a +0 iron rod (14/14) for 950 gold pieces
 31147 | Orc:2    | Bought a runed buckler for 346 gold pieces
 31306 | Orc:1    | Found Remeisuir's Quality Used Wands.
 31696 | D:14     | Found Rirchoa's Magic Scroll Boutique.
 31697 | D:14     | Got a brightly glowing robe
 31700 | D:14     | Identified the +2 robe "Xuig" {rF+++ MR- Str+2 SInv} (You found it on level 14 of the Dungeon)
 31758 | D:14     | You fall through a shaft!
 31758 | D:15     | Entered Level 15 of the Dungeon
 32153 | D:15     | Reached skill level 16 in Spellcasting
 32385 | D:15     | Noticed a frost giant
 32396 | D:15     | Killed a frost giant
 32613 | D:15     | Found a staircase to the Depths.
 32773 | D:15     | Noticed an azure jelly
 33518 | D:15     | Offered knowledge of Orb of Destruction by Vehumet.
 33527 | D:15     | Learned a level 7 spell: Orb of Destruction
 34398 | D:15     | Got a coiled tin amulet
 34399 | D:15     | Identified the amulet "Uleif" {Spirit rPois} (You acquired it on level 15 of the Dungeon)
 34648 | D:14     | Reached skill level 17 in Spellcasting
 35570 | D:14     | Found a gate to the Vaults.
 36186 | D:13     | Killed from afar by a meliai

Skill      XL: |  1  2  3  4  5  6  7  8  9 10 11 12 13 14 15 |
---------------+----------------------------------------------+-----
Spellcasting   | 3 4 5 6 7 9 10 12 14 15 17 | 17.6
Conjurations   | 4 6 8 11 12 13 15 | 15.1
Evocations     | 1 5 |  5.1
Fighting       | 2 5 |  5.0
Dodging        | 2 4 |  4.0
Shields        | 4 |  4.0
Stealth        | |  1.5

Action                   |  1- 3 |  4- 6 |  7- 9 | 10-12 | 13-15 || total
-------------------------+-------+-------+-------+-------+-------++-------
Melee: Unarmed           |    38 |     3 |       |       |       ||    41
       Dagger            |       |       |    31 |    32 |    14 ||    77
       Spear             |       |       |       |       |   212 ||   212
 Cast: Magic Dart        |    67 |    26 |    49 |    98 |   228 ||   468
       Searing Ray       |     6 |    31 |    89 |   123 |   154 ||   403
       Iskenderun's Myst |       |     2 |    55 |   202 |   288 ||   547
       Mephitic Cloud    |       |       |       |     7 |     9 ||    16
       Iskenderun's Batt |       |       |       |    36 |   121 ||   157
       Repel Missiles    |       |       |       |     1 |     2 ||     3
       Conjure Flame     |       |       |       |       |    40 ||    40
       Blink             |       |       |       |       |    11 ||    11
       Iron Shot         |       |       |       |       |    38 ||    38
       Orb of Destructio |       |       |       |       |    35 ||    35
       Passage of Golubr |       |       |       |       |     3 ||     3
 Abil: Evoke Flight      |       |       |       |       |     1 ||     1
Evoke: Fan of gales      |       |       |       |     1 |     1 ||     2
       Phial of floods   |       |       |       |     1 |     1 ||     2
       Wand              |       |       |       |       |     6 ||     6
       Rod               |       |       |       |       |     6 ||     6
       Box of beasts     |       |       |       |       |     1 ||     1
  Use: Scroll            |       |     5 |    12 |     6 |    12 ||    35
 Stab: Sleeping          |       |       |     1 |       |     2 ||     3
       Confused          |       |       |       |       |     1 ||     1
Armor: Robe              |    11 |    16 |    61 |    36 |    58 ||   182
Dodge: Dodged            |    49 |    37 |   149 |   153 |   207 ||   595
       Deflected         |       |       |       |       |     8 ||     8
Block: Buckler           |       |       |       |     1 |   129 ||   130
       Reflection        |       |       |       |       |     5 ||     5
